 Dungeon Crawl Stone Soup version 0.22.1-2-g9c5b331383 (webtiles) character file.

2600 Ihlosi the Fighter (level 9, -2/77 HPs)
             Began as a Human Gladiator on Nov 21, 2018.
             Was an Initiate of the Shining One.
             Slain by a hippogriff (4 damage)
             ... on level 7 of the Dungeon.
             The game lasted 00:18:51 (7515 turns).

Ihlosi the Fighter (Human Gladiator)                Turns: 7515, Time: 00:18:51

Health: -2/77      AC:  6    Str: 16    XL:     9   Next: 89%
Magic:  11/11      EV: 16    Int:  9    God:    the Shining One [......]
Gold:   465        SH:  0    Dex: 16    Spells: 8/8 levels left

rFire    + . .     SeeInvis +   z - +2 hand axe (elec)
rCold    . . .     Gourm    +   (no shield)
rNeg     . . .     Faith    .   j - +2 robe {rF+}
rPois    .         Spirit   .   c - +0 helmet
rElec    .         Reflect  .   (no cloak)
rCorr    .         Harm     .   (no gloves)
MR       .....                  D - +0 pair of boots
Stlth    +.........             n - amulet of the gourmand
HPRegen  0.22/turn              w - ring of see invisible
MPRegen  0.12/turn              (no ring)

@: glowing
A: no striking features
a: Renounce Religion


You were on level 7 of the Dungeon.
You worshipped the Shining One.
The Shining One was noncommittal.
You were very full.

You visited 2 branches of the dungeon, and saw 8 of its levels.

You collected 465 gold pieces.

Inventory:

Hand Weapons
 a - a +0 long sword
 e - a +2 short sword of venom
 z - a +2 hand axe of electrocution (weapon)
 B - a +0 mace of holy wrath
Missiles
 i - 100 bolts
Armour
 c - a +0 helmet (worn)
 j - a +2 robe of fire resistance (worn)
 A - a +1 chain mail of cold resistance
 D - a +0 pair of boots (worn)
Jewellery
 n - an amulet of the gourmand (around neck)
 q - an uncursed ring of fire
 w - a ring of see invisible (left hand)
 y - an uncursed ring of fire
Wands
 C - a wand of digging (8)
Scrolls
 b - 2 scrolls of teleportation {unknown}
 d - a scroll of random uselessness {unknown}
 h - 4 scrolls of fog {unknown}
 l - a scroll of enchant armour {unknown}
 m - 2 scrolls of noise {unknown}
 p - 4 scrolls of fear {unknown}
 s - a scroll of immolation {unknown}
 t - a scroll of amnesia {unknown}
 u - 4 scrolls of remove curse {unknown}
Potions
 g - 2 potions of brilliance
 k - 2 potions of flight
 o - a potion of mutation
 r - a potion of lignification
 v - 2 potions of haste
Comestibles
 f - 8 rations


   Skills:
 * Level 9.4 Fighting
 * Level 4.8 Long Blades
 - Level 2.0 Throwing
 * Level 3.4 Armour
 * Level 6.5 Dodging
 - Level 1.0 Stealth
 * Level 1.0 Invocations
 * Level 3.3 Evocations


You had 8 spell levels left.
You didn't know any spells.
Your spell library was empty.

Dungeon Overview and Level Annotations

Branches:
Dungeon (7/15)             Temple (1/1) D:6

Altars:
Ashenzari
Cheibriados
Dithmenos
Elyvilon
Fedhas
Gozag
Kikubaaqudgha
Makhleb
Nemelex Xobeh
Okawaru
Qazlal
Ru
Sif Muna
Trog
Uskayaw
Vehumet
Wu Jian
Xom
Yredelemnul
Zin
The Shining One


Message History

You slash the hippogriff!
Lightning courses through the hippogriff!
The hippogriff is almost dead.
The hippogriff bites you but does no damage.
The hippogriff barely misses you. The hippogriff claws you.
* * * LOW HITPOINT WARNING * * *
The hippogriff bites you but does no damage.
The hippogriff pecks you but does no damage.
The hippogriff claws you but does no damage.
It was a potion of cancellation.
Your magical effects are unravelling.
You feel magically purged.
You feel less wooden.
Your +0 helmet unmelds from your body.
Your +0 pair of boots unmelds from your body.
Your +2 robe of fire resistance unmelds from your body.
You feel resistant to fire.
The hippogriff bites you but does no damage.
The hippogriff pecks you.
You die...

#..##..#####.#
##..# . ##..#
##......# ##.#
..#..# ##......#
#..
.....####..####.#
#..# .......#..##
.# #...
.........### #...
.....##....###..
#... ...
#......... .
##@....#..
#.H..### #....#
....... .....###.
......# ..
.......# .
.##...... .


You could see a hippogriff.

Vanquished Creatures
  A hippogriff (D:5)
  Eustachio (D:4)
  Edmund (D:4)
  Duvessa (D:6)
  An orc warrior (D:6)
  An ice beast (D:6)
  An ogre (D:6)
  2 phantoms (D:4)
  A centaur (D:5)
  Blork the orc (D:4)
  4 bullfrogs
  Dowan (D:6)
  A scorpion (D:5)
  5 wights
  3 crimson imps
  2 jellies (D:5)
  A bullfrog skeleton (D:5)
  2 orc priests
  2 hounds
  Jessica (D:2)
  2 iguanas
  4 orc wizards
  10 worker ants
  A worker ant zombie (D:5)
  6 adders
  A shadow imp (D:5)
  An adder zombie (D:7)
  An adder skeleton (D:4)
  2 dart slugs
  A worm (D:3)
  5 leopard geckos
  22 orcs
  2 giant cockroaches
  A goblin (D:1)
  5 hobgoblins
  23 jackals
  2 quokkas
  A ball python (D:2)
  7 bats
  5 frilled lizards
  8 kobolds
  A leopard gecko zombie (D:6)
  A quokka skeleton (D:4)
  A quokka zombie (D:5)
  5 rats
151 creatures vanquished.

Notes
Turn   | Place    | Note
-------+----------+-------------------------------------------
     0 | D:1      | Ihlosi the Human Gladiator began the quest for the Orb.
     0 | D:1      | Reached XP level 1. HP: 16/16 MP: 1/1
   224 | D:1      | Reached XP level 2. HP: 22/22 MP: 2/2
   613 | D:1      | Reached XP level 3. HP: 27/27 MP: 3/3
   643 | D:1      | Reached skill level 1 in Stealth
  1116 | D:2      | Reached skill level 1 in Armour
  1310 | D:2      | Noticed Jessica
  1319 | D:2      | Killed Jessica
  1319 | D:2      | Reached XP level 4. HP: 34/34 MP: 4/4
  1476 | D:2      | Found a hide-covered altar of Uskayaw.
  1977 | D:3      | Reached XP level 5. HP: 38/40 MP: 5/5
  1979 | D:3      | Found an ancient bone altar of Kikubaaqudgha.
  1993 | D:3      | Reached skill level 3 in Fighting
  2713 | D:4      | Noticed Blork the orc
  2714 | D:4      | Noticed a phantom
  2720 | D:4      | Killed Blork the orc
  2720 | D:4      | Reached XP level 6. HP: 45/48 MP: 6/6
  2723 | D:4      | Reached skill level 4 in Fighting
  2747 | D:4      | Killed a phantom
  2754 | D:4      | Noticed a phantom
  2782 | D:4      | Killed a phantom
  2782 | D:4      | Reached XP level 7. HP: 36/55 MP: 7/7
  2928 | D:4      | Noticed Eustachio
  3024 | D:4      | Noticed Edmund
  3039 | D:4      | Killed Edmund
  3039 | D:4      | Reached skill level 5 in Fighting
  3039 | D:4      | Reached skill level 5 in Dodging
  3246 | D:4      | Killed Eustachio
  3246 | D:4      | Reached XP level 8. HP: 60/63 MP: 8/8
  3282 | D:5      | Entered Level 5 of the Dungeon
  3392 | D:5      | Noticed a hippogriff
  3437 | D:5      | Killed a hippogriff
  3437 | D:5      | Reached skill level 6 in Fighting
  3437 | D:5      | Reached skill level 1 in Evocations
  3979 | D:5      | Reached skill level 7 in Fighting
  4557 | D:6      | Noticed Duvessa
  4562 | D:6      | Noticed Dowan
  4578 | D:6      | Killed Duvessa
  4578 | D:6      | Reached XP level 9. HP: 50/74 MP: 10/10
  5076 | D:6      | Killed Dowan
  5076 | D:6      | Reached skill level 8 in Fighting
  5398 | D:6      | Found a staircase to the Ecumenical Temple.
  5945 | D:6      | Reached skill level 9 in Fighting
  5964 | Temple   | Entered the Ecumenical Temple
  6457 | D:6      | Found a glowing golden altar of the Shining One.
  6460 | D:6      | Became a worshipper of the Shining One
  6608 | D:6      | Found an opulent altar of Gozag.
  6609 | D:6      | Found a white marble altar of Elyvilon.
  6627 | D:6      | Found a sparkling altar of Nemelex Xobeh.
  7456 | D:7      | Reached skill level 1 in Invocations
  7498 | D:7      | Noticed a hippogriff
  7514 | D:7      | HP: 4/115 [hippogriff (3)]
  7515 | D:7      | Slain by a hippogriff

Skill      XL: |  1  2  3  4  5  6  7  8  9 |
---------------+----------------------------+-----
Stealth        | 1 |  1.0
Armour         | 1 2 3 |  3.4
Fighting       | 3 4 5 7 9 |  9.4
Dodging        | 4 5 6 |  6.5
Long Blades    | 4 |  4.8
Evocations     | 2 3 |  3.3
Invocations    | 1 |  1.0
Throwing       | |  2.0

Action                   |  1- 3 |  4- 6 |  7- 9 || total
-------------------------+-------+-------+-------++-------
Melee: Long sword        |     6 |       |   150 ||   156
       Short sword       |    88 |    94 |    19 ||   201
       Hand axe          |       |    30 |   198 ||   228
       Mace              |       |     2 |       ||     2
Throw: Throwing net      |       |     2 |     4 ||     6
  Use: Potion            |     1 |     3 |     8 ||    12
       Scroll            |       |       |     7 ||     7
 Stab: Sleeping          |     2 |     4 |       ||     6
       Held in net/web   |       |       |     1 ||     1
       Invisible         |       |       |     2 ||     2
  Eat: Chunk             |     1 |     4 |    29 ||    34
Armor: Leather armour    |     6 |       |       ||     6
       Robe              |    25 |    44 |    84 ||   153
       Skin              |       |       |    10 ||    10
Dodge: Dodged            |    59 |    94 |   360 ||   513
       Rpst.: Long sword |     2 |       |    47 ||    49
